 Dungeon Crawl Stone Soup version 0.32-a0-350-g4f4d228785 (webtiles) character file.

Game seed: 753794085004008296

26895 croobank the Covert (level 13, -11/72 HPs)
             Began as a Felid Summoner on Feb 18, 2024.
             Was an Initiate of Gozag.
             Mangled by Rupert
             ... wielding a +1 vampiric battleaxe
              (37 damage)
             ... on level 15 of the Dungeon.
             The game lasted 01:07:43 (16742 turns).

croobank the Covert (Felid Summoner)               Turns: 16742, Time: 01:07:43

Health: -11/72     AC:  3    Str:  4    XL:     13   Next: 1%
Magic:  15/27      EV: 26    Int: 24    God:    Gozag
Gold:   2929       SH:  0    Dex: 23    Spells: 16/31 levels left
                                        Lives:  0   Deaths: 4

rFire   . . .        (weapon unavailable)
rCold   + . .        (shield unavailable)
rNeg    . . .        (body armour unavailable)
rPois   .            (helmet unavailable)
rElec   .            (cloak unavailable)
rCorr   .            (gloves unavailable)
SInv    +            (boots unavailable)
Will    +....        g - amulet of regeneration
Stlth   +++++        r - +6 ring of dexterity
HPRegen 1.12/turn    (no ring)
MPRegen 0.20/turn

%: no passive effects
@: hasted, very quick
A: very small, claws 1, fangs 3, see invisible, shaggy fur 3, stealthy paws, no
weapons or thrown items, no armour, multi-lived
a: Renounce Religion, Potion Petition, Call Merchant, Bribe Branch


You were on level 15 of the Dungeon.
You worshipped Gozag.
Gozag was most pleased with you.
You visited 1 branch of the dungeon, and saw 15 of its levels.
You also visited: Bailey.

You collected 2948 gold pieces.
You paid 19 gold pieces to Gozag.

Inventory:

Jewellery
 g - an amulet of regeneration (around neck)
 l - an amulet of the acrobat
 r - a +6 ring of dexterity (left paw)
 B - a ring of flight
Wands
 a - a wand of iceblast (14)
 w - a wand of paralysis (4)
 C - a wand of polymorph (6)
 D - a wand of flame (12)
Scrolls
 b - 3 scrolls of noise
 e - 2 scrolls of amnesia
 h - a scroll of fog
 n - a scroll of revelation
Potions
 c - 2 potions of curing
 d - a potion of enlightenment
 i - 3 potions of mutation
 j - a potion of attraction
 k - a potion of ambrosia
 p - 2 potions of might
 q - 3 potions of haste
 u - 5 potions of heal wounds
 v - 5 potions of magic
 x - 3 potions of cancellation
 E - a potion of brilliance
 F - a potion of berserk rage
 G - a potion of lignification {unknown}
Miscellaneous
 s - a box of beasts


   Skills:
 + Level 9.9 Fighting
 - Level 10.0 Dodging
 - Level 10.0 Stealth
 + Level 9.7 Spellcasting
 + Level 4.8 Conjurations
 - Level 10.0 Summonings
 - Level 5.0 Fire Magic
 - Level 7.0 Air Magic


You had 16 spell levels left.
You knew the following spells:

 Your Spells              Type           Power      Damage    Failure   Level
a - Summon Small Mammal   Summ           100%       N/A       1%          1
b - Call Imp              Summ           100%       N/A       1%          2
c - Call Canine Familiar  Summ           56%        N/A       1%          3
d - Summon Blazeheart Go  Fire/Summ      47%        N/A       2%          4
e - Summon Lightning Spi  Summ/Air       51%        N/A       1%          4
F - Foxfire               Conj/Fire      100%       2x1d9     1%          1

Your spell library contained the following spells:

 Spells                   Type           Power      Damage    Failure   Level
 Sting                    Conj/Alch      92%        1d8       1%          1
 Mercury Vapours          Alch/Air       56%        N/A       1%          2
 Freeze                   Ice            44%        1d6       5%          1
 Slow                     Hex            44%        N/A       5%          1
 Hailstorm                Conj/Ice       23%        3d7       6%          3
 Sublimation of Blood     Necr           11%        N/A       9%          2
 Vhi's Electric Charge    Tloc/Air       56%        N/A       13%         4
 Arcjolt                  Conj/Air       20%        1d30      13%         5
 Confusing Touch          Hex            11%        N/A       16%         3
 Frozen Ramparts          Ice            22%        1d4       16%         3
 Fugue of the Fallen      Necr           11%        N/A       16%         3
 Ozocubu's Armour         Ice            11%        N/A       16%         3
 Sigil of Binding         Hex            11%        N/A       16%         3
 Vampiric Draining        Necr           11%        2d6       16%         3
 Manifold Assault         Tloc           11%        N/A       47%         4
 Olgreb's Toxic Radiance  Alch           11%        N/A       47%         4
 Petrify                  Alch/Erth      11%        N/A       47%         4
 Irradiate                Conj/Alch      11%        3d15      50%         5
 Plasma Beam              Fire/Air       20%        2x1d32    56%         6
 Starburst                Conj/Fire      17%        6d6       73%         6
 Borgnjor's Vile Clutch   Necr/Erth      5%         N/A       83%         5
 Metabolic Englaciation   Hex/Ice        5%         N/A       83%         5
 Death Channel            Necr           5%         N/A       100%        6
 Sculpt Simulacrum        Ice/Alch       5%         N/A       100%        6
 Maxwell's Capacitive Co  Air            22%        ∞         100%        8
 Animate Dead             Necr           Unusable   N/A       N/A         4

Dungeon Overview and Level Annotations

Branches:
Dungeon (15/15)            Temple (0/1) D:6            Lair (0/5) D:11
    Orc (0/2) D:11         Depths (0/4) D:15         Bailey (visited)
 Vaults: D:13-14

Altars:
Cheibriados
Dithmenos
Elyvilon
Gozag
Hepliaklqana
Kikubaaqudgha
Makhleb
Nemelex Xobeh
Okawaru
Qazlal
Ru
Uskayaw
Vehumet
Wu Jian
Xom
The Shining One

Shops:
D:13 [

Annotations:
D:9 2 transporters, greenreed's ghost, novice DjFE
D:15 Rupert


Innate Abilities, Weirdness & Mutations

You have sharp claws.
You have razor-sharp teeth.
You have supernaturally acute eyesight. (SInv)
Your thick and shaggy fur keeps you warm. (AC +3, rC+)
Your paws help you pounce on unaware monsters.
You are incapable of wielding weapons or throwing items.
You cannot wear armour.
You gain extra lives every three experience levels.


Message History

Rupert hits your blazeheart golem with a +1 vampiric battleaxe!!
Your blazeheart golem falls apart, revealing its core!
Rupert hits your lightning spire but does no damage.
Your blazeheart core explodes!
The fiery explosion engulfs Rupert!!
The fiery explosion engulfs your lightning spire.
Your lightning spire resists.
Your lightning spire disappears in a puff of smoke!
Rupert is engulfed in blazing flames.
Casting: Summon Blazeheart Golem (dangerous; 2% risk of failure)
Confirm with . or Enter, or press ? or * to list all spells.
A fiery spirit appears, bound in slag iron.
Rupert is engulfed in blazing flames.
The deep elf pyromancer points at you and mumbles some strange words.
The pyre arrow misses you.
A manticore comes into view.
Rupert is engulfed in blazing flames.
Rupert closely misses you.
Rupert hits your blazeheart golem with a +1 vampiric battleaxe!
Your blazeheart golem is engulfed in blazing flames.
Rupert is engulfed in blazing flames.
Rupert attacks as he pursues you!
Rupert hits you with a +1 vampiric battleaxe.
Rupert draws strength from your wounds!
Aiming: Paralyse
Press: ? - help, Shift-Dir - straight line, f - Rupert, p - deep elf pyromancer
Aim: Rupert, wielding a +1 vampiric battleaxe and wearing a +0 scale mail (severely wounded, berserk, chance to affect: 1%)
Okay, then.
Unknown command.
Okay, then.
Okay, then.
Okay, then.
Casting: Summon Blazeheart Golem (dangerous; 2% risk of failure)
Confirm with . or Enter, or press ? or * to list all spells.
An electric hum fills the air.
Your blazeheart golem's core grows cold and it stops moving.
The fire elemental hits you. The fire elemental burns you!
Rupert hits you with a +1 vampiric battleaxe!!!
Ouch! That really hurt!
You die...
Rupert roars with triumph.
Your body crumbles into a pile of gold.

*.#.#.,,,,,,*,*
*......,,,,,,,,
######..H#.##*,,,,,,
#..[.........*,,,,,,
#....e......,*,*,*+*
#..○°○.....,,*,*,*,,
#..°9○##.###,*,*,***
#.@E°°.....#,,,*,*,,
#I.@..°..#..,,,*,*,*
#.....#######.,,,*,,
#.............,,,***
#.............,,,,,,
#.....########******
####.## #.# *******
#.# *,,,,,* #.*
*,*****


You could see Rupert (berserk, ally target), a manticore, a deep elf pyromancer
(ally target), a fire elemental (summoned), a friendly lightning spire
(summoned) and a friendly blazeheart golem (summoned, paralysed).

Vanquished Creatures
  A fire dragon (D:15)
  An entropy weaver (shapeshifter) (D:14)
  A hydra (D:15)
  Harold (D:10)
  3 two-headed ogres
  An orc knight (D:15)
  A deep elf pyromancer (D:12)
  A cyclops (D:11)
  An ugly thing (D:12)
  An oklob plant (D:11)
  Maurice (D:10)
  A manticore (D:13)
  Maggie (D:10)
  An unseen horror (D:10)
  A kobold demonologist (D:12)
  A yaktaur (D:15)
  Jeremiah (D:9)
  2 trolls
  A hornet (D:8)
  2 slime creatures (D:12)
  A raiju (D:13)
  Sigmund (D:2)
  An air elemental (D:13)
  2 wraiths
  12 yaks
  3 water elementals (D:12)
  A warg (D:11)
  2 basilisks
  2 vampire mosquitoes (D:12)
  An acid dragon (D:12)
  An ice beast (D:7)
  An orc warrior (D:11)
  A sky beast (D:7)
  3 ogres
  A nameless horror (D:7)
  A wight (D:10)
  10 killer bees
  3 electric eels
  2 gnoll boudas
  2 orc priests
  A sleepcap (D:4)
  2 orc wizards
  14 gnolls
  16 orcs
  2 endoplasms
  2 goblins
  3 hobgoblins
  3 quokkas
  3 bats
  4 rats
125 creatures vanquished.

Vanquished Creatures (collateral kills)
  A boulder beetle (D:13)
  A two-headed ogre (D:12)
  A deep troll earth mage (D:15)
  An orc knight (Bailey)
  3 deep elf pyromancers
  4 ugly things
  An oklob plant (D:11)
  A cyclops (D:12)
  2 kobold demonologists
  2 trolls (D:11)
  2 slime creatures (D:12)
  A shadow (D:10)
  3 yaks
  3 wraiths
  A basilisk (D:13)
  3 steam dragons
  A water moccasin (D:7)
  A nameless horror (D:5)
  2 ice beasts
  A sky beast (D:7)
  2 orc warriors
  2 black bears
  A wolf (D:11)
  An ogre (D:4)
  4 centaurs
  A phantom (D:7)
  3 kobold brigands
  2 bullfrogs
  3 gnoll sergeants
  4 scorpions
  4 wights (D:10)
  4 killer bees
  2 jellies
  A howler monkey (D:9)
  2 bombardier beetles
  3 orc priests
  3 hounds
  2 sleepcaps
  Jessica (D:2)
  Ijyb (D:5)
  2 iguanas
  8 orc wizards
  Robin (D:4)
  33 gnolls
  5 adders
  A white imp (D:8)
  A dart slug (D:4)
  A ribbon worm (D:5)
  23 orcs
  8 endoplasms
  2 giant cockroaches
  11 goblins
  11 hobgoblins
  2 quokkas
  5 ball pythons
  3 bats
  2 frilled lizards
  19 kobolds
  2 rats
221 creatures vanquished.

Vanquished Creatures (others)
  A nameless horror (D:6)
  66 blazeheart cores
  95 foxfires
162 creatures vanquished.

Grand Total: 508 creatures vanquished

Notes
Turn   | Place    | Note
-------+----------+-------------------------------------------
     0 | D:1      | croobank the Felid Summoner began the quest for the Orb.
     0 | D:1      | Reached XP level 1. HP: 9/9 MP: 4/4
   211 | D:1      | Reached XP level 2. HP: 13/13 MP: 3/6
   214 | D:1      | Learned a level 2 spell: Call Imp
   801 | D:1      | Reached XP level 3. HP: 16/16 MP: 2/7
   819 | D:1      | Learned a level 3 spell: Call Canine Familiar
  1330 | D:2      | Noticed Sigmund
  1360 | D:2      | Killed Sigmund
  1361 | D:2      | Reached XP level 4. HP: 21/21 MP: 4/9
  1361 | D:2      | Gained a life (2 lives remaining)
  1361 | D:2      | Reached XP level 5. HP: 24/24 MP: 4/10
  1366 | D:2      | Found an opulent altar of Gozag.
  1380 | D:2      | Became a worshipper of Gozag Ym Sagoz the Greedy
  1510 | D:2      | Found a faded altar of an unknown god.
  1580 | D:2      | Noticed Jessica
  1588 | D:2      | Killed Jessica
  1589 | D:2      | Reached skill level 5 in Stealth
  1589 | D:2      | Reached skill level 5 in Summonings
  1972 | D:3      | Found an iron altar of Okawaru.
  2053 | D:3      | Gained mutation: You are covered in thick fur. (AC +2)
                  | [Felid growth]
  2053 | D:3      | Reached XP level 6. HP: 29/29 MP: 3/11
  2143 | D:3      | Reached skill level 1 in Fighting
  2143 | D:3      | Reached skill level 5 in Dodging
  2739 | D:4      | Reached XP level 7. HP: 34/34 MP: 8/13
  2831 | D:4      | Learned a level 4 spell: Summon Blazeheart Golem
  2984 | D:4      | Found a stormy altar of Qazlal.
  3077 | D:4      | Identified the +2 helmet of Voracious Intercession {Regen+
                  | MP+9}
  3077 | D:4      | Noticed Robin
  3089 | D:4      | Killed Robin
  3138 | D:4      | Found a sparkling altar of Nemelex Xobeh.
  3564 | D:5      | Entered Level 5 of the Dungeon
  3687 | D:5      | Reached skill level 1 in Fire Magic
  3701 | D:5      | Noticed Ijyb
  3717 | D:5      | Killed Ijyb
  3984 | D:5      | Reached XP level 8. HP: 39/39 MP: 8/15
  4062 | D:5      | Learned a level 4 spell: Summon Lightning Spire
  4082 | D:5      | Noticed a nameless horror
  4084 | D:5      | Killed a nameless horror
  4554 | D:5      | Found a sacrificial altar of Ru.
  4737 | D:6      | Shot with an arrow by a centaur
  4737 | D:6      | Lost a life (1 life remaining)
  4890 | D:6      | Reached skill level 1 in Air Magic
  4957 | D:6      | Noticed a nameless horror
  4963 | D:6      | Killed a nameless horror
  4963 | D:6      | HP: 1/40 [centaur/arrow (7)]
  5310 | D:6      | Found a staircase to the Ecumenical Temple.
  5813 | D:7      | Found a hazy altar of Hepliaklqana.
  5895 | D:7      | Reached XP level 9. HP: 45/45 MP: 10/17
  5895 | D:7      | Gained a life (2 lives remaining)
  6168 | D:7      | Reached skill level 5 in Spellcasting
  7022 | D:7      | Found a shadowy altar of Dithmenos.
  7035 | D:7      | Found a burning altar of Makhleb.
  7576 | D:8      | Reached skill level 5 in Fire Magic
  7774 | D:8      | Found an opulent altar of Gozag.
  7940 | D:8      | Identified the -1 cloak "Wayfel" {^Contam Fly Str-3 Dex+5}
  8004 | D:8      | Reached XP level 10. HP: 40/51 MP: 16/19
  8117 | D:8      | Found an ornate altar of the Wu Jian Council.
  8117 | D:8      | Found a shimmering altar of Xom.
  8237 | D:9      | Noticed an ice dragon
  8245 | D:9      | Found a transporter.
  8248 | D:9      | Noticed greenreed's ghost (novice DjFE)
  8253 | D:9      | Noticed a five-headed hydra
  8262 | D:9      | Found a transporter.
  8265 | D:9      | Noticed a moth of wrath
  8310 | D:9      | Reached skill level 5 in Fighting
  8323 | D:9      | Noticed Jeremiah
  8334 | D:9      | Killed Jeremiah
  8516 | D:9      | Found a hide-covered altar of Uskayaw.
  8764 | D:9      | Found a snail-covered altar of Cheibriados.
  8817 | D:9      | Noticed a two-headed ogre
  8825 | D:9      | Killed a two-headed ogre
  8958 | D:9      | Found a radiant altar of Vehumet.
  8974 | D:9      | Noticed a sixfirhy
  8977 | D:9      | Reached skill level 10 in Stealth
  9125 | D:9      | Found an ancient bone altar of Kikubaaqudgha.
  9368 | D:9      | Found a glowing golden altar of the Shining One.
  9479 | D:10     | Entered Level 10 of the Dungeon
  9567 | D:10     | Reached XP level 11. HP: 56/56 MP: 11/22
  9592 | D:10     | Found a flagged portal.
  9622 | Bailey   | Entered a bailey
  9911 | Bailey   | Noticed an orc knight
  9932 | Bailey   | Killed an orc knight
 10224 | D:10     | Found a white marble altar of Elyvilon.
 10535 | D:10     | Noticed Maurice
 10566 | D:10     | Killed Maurice
 10567 | D:10     | Reached skill level 5 in Air Magic
 10663 | D:10     | Noticed Maggie
 10676 | D:10     | Killed Maggie
 10752 | D:10     | Reached skill level 10 in Dodging
 11296 | D:10     | Noticed Harold
 11325 | D:10     | Killed Harold
 11652 | D:11     | Noticed an oklob plant
 11688 | D:11     | Found a staircase to the Orcish Mines.
 12576 | D:11     | Found a staircase to the Lair.
 12576 | D:11     | Noticed an oklob plant
 12587 | D:11     | Killed an oklob plant
 12764 | D:11     | Killed an oklob plant
 13214 | D:12     | Noticed a deep elf pyromancer
 13219 | D:12     | Killed a deep elf pyromancer
 13262 | D:12     | Learned a level 1 spell: Foxfire
 13632 | D:12     | Noticed a white ugly thing
 13637 | D:12     | Noticed a green ugly thing
 13640 | D:12     | Killed a white ugly thing
 13641 | D:12     | Gained mutation: Your thick and shaggy fur keeps you warm.
                  | (AC +3, rC+) [Felid growth]
 13641 | D:12     | Reached XP level 12. HP: 64/64 MP: 11/25
 14142 | D:12     | Reached skill level 1 in Conjurations
 14278 | D:12     | Noticed a two-headed ogre
 14283 | D:12     | Killed a two-headed ogre
 14521 | D:12     | Noticed a two-headed ogre
 14530 | D:12     | Killed a two-headed ogre
 14597 | D:12     | Reached skill level 10 in Summonings
 14987 | D:13     | Noticed a boulder beetle
 15009 | D:13     | Killed a boulder beetle
 15343 | D:13     | Found Fuvvo's Armour Shop.
 15430 | D:13     | HP: 3/66 [burnt (11)]
 15535 | D:13     | Paralysed by an air elemental for 1 turns
 15557 | D:13     | Noticed a two-headed ogre
 15567 | D:13     | Killed a two-headed ogre
 15586 | D:13     | HP: 1/66 [white ugly thing (10)]
 15719 | D:13     | You fall into a shaft and drop 2 floors!
 15719 | D:15     | Entered Level 15 of the Dungeon
 15811 | D:14     | Noticed a tengu warrior
 15899 | D:15     | Noticed a boulder beetle
 15907 | D:15     | Noticed a deep troll earth mage
 15911 | D:15     | Noticed a storm dragon
 15914 | D:15     | Slain by a manticore
 15914 | D:15     | Lost a life (1 life remaining)
 15947 | D:15     | Killed a deep troll earth mage
 16036 | D:15     | Noticed an ogre mage
 16036 | D:15     | Noticed a two-headed ogre
 16036 | D:15     | Noticed a two-headed ogre
 16036 | D:15     | Noticed a two-headed ogre
 16081 | D:15     | Noticed an eight-headed hydra
 16095 | D:15     | Killed an eight-headed hydra
 16578 | D:15     | Noticed a boulder beetle
 16598 | D:15     | Noticed a fire dragon
 16615 | D:15     | Found a staircase to the Depths.
 16654 | D:15     | Killed a fire dragon
 16693 | D:15     | Mangled by a boulder beetle
 16693 | D:15     | Lost a life (0 lives remaining)
 16697 | D:15     | Noticed a centaur warrior
 16709 | D:14     | Noticed an entropy weaver
 16715 | D:14     | Killed an entropy weaver
 16716 | D:14     | Reached XP level 13. HP: 72/72 MP: 23/27
 16716 | D:14     | Gained a life (1 life remaining)
 16721 | D:15     | Shot with an arrow by a centaur warrior
 16721 | D:15     | Lost a life (0 lives remaining)
 16727 | D:15     | Noticed Rupert
 16742 | D:15     | Mangled by Rupert

Illustrated notes

Levels and vault maps discovered:
D:1:      roderic_crop_circles_arrival_small, layout_rooms
D:2:      layout_basic, ebering_ecumenical_altar_box, basic_altar, uniq_sigmund,
          uniq_jessica
D:3:      layout_rooms, lemuel_crystal_altar
D:4:      layout_loops_ring, nemelex_dance_club_becter,
          nicolae_qazlal_eye_of_the_storm, grunt_decor_mini_mirrors, uniq_robin
D:5:      layout_rooms, nicolae_overflow_hidden_temple, uniq_ijyb
D:6:      layout_loops_ring, temple_green
D:7:      minmay_bubble_buster, layout_cave_pools,
          mainiacjoe_overflow_tiny_flanked, mainiacjoe_overflow_boulevard,
          lemuel_tele_altar
D:8:      layout_loops_ring, kennysheep_little_box,
          gammafunk_temple_overflow_wave
D:9:      layout_rooms, marbit_many_paths, nicolae_vehumet_altar_sigil,
          cheibriados_altar_1, nicolae_uskayaw_suspiria,
          mainiacjoe_overflow_chevrons, gammafunk_ghost_berserking_beasts,
          uniq_jeremiah
D:10:     layout_stronghold, overflow_temple_1_default, enter_bailey_3,
          uniq_harold, uniq_maggie, uniq_maurice
D:11:     layout_loops_corners, dpeg_oklobed_lair, minmay_orc_entry_guard_dogs,
          serial_bayou_lagoon_a, lemuel_old_faithful
D:12:     minmay_spotlight, layout_basic
D:13:     layout_basic, grunt_vaults_entry_tiered, serial_shops, shop,
          hellmonk_talismancer
D:14:     layout_cave_pools, nicolae_zig_zag_zippers, uniq_josephine
D:15:     hellmonk_depths_entry_around_the_bend, layout_basic, uniq_rupert

Skill      XL: |  1  2  3  4  5  6  7  8  9 10 11 12 |
---------------+-------------------------------------+-----
Stealth        | 3 4 5 6 7 8 10 | 10.0
Dodging        | 3 4 5 6 8 9 10 | 10.0
Spellcasting   | 3 4 5 6 8 9 |  9.7
Summonings     | 5 6 7 8 9 10 | 10.0
Fighting       | 1 2 3 4 6 8 9 |  9.9
Fire Magic     | 1 3 5 |  5.0
Air Magic      | 1 3 4 6 7 |  7.0
Conjurations   | 4 |  4.8

Action                     |  1- 3 |  4- 6 |  7- 9 | 10-12 | 13-15 || total
---------------------------+-------+-------+-------+-------+-------++-------
  Melee: Unarmed           |    21 |    26 |    45 |    79 |     2 ||   173
         Bite              |     1 |     3 |     8 |    18 |       ||    30
         Punch             |       |     2 |       |     2 |       ||     4
   Cast: Summon Small Mamm |    33 |    21 |    28 |     2 |       ||    84
         Call Imp          |    16 |    11 |    24 |     4 |       ||    55
         Call Canine Famil |     1 |     6 |    19 |     6 |       ||    32
         Summon Blazeheart |       |       |    21 |    75 |     2 ||    98
         Summon Lightning  |       |       |    19 |    47 |     2 ||    68
         Foxfire           |       |       |       |    56 |       ||    56
  Evoke: Wand              |       |       |       |    17 |       ||    17
    Use: Scroll            |     6 |     2 |    14 |    12 |     1 ||    35
         Potion            |     1 |       |     5 |     7 |     1 ||    14
   Stab: Sleeping          |     2 |     5 |     5 |    17 |       ||    29
         Distracted        |       |     1 |     1 |     1 |       ||     3
         Invisible         |       |       |     1 |     1 |       ||     2
         Paralysed         |       |       |       |     1 |       ||     1
         Betrayed ally     |       |       |       |     1 |       ||     1
 Armour: Skin              |     9 |     5 |    66 |    80 |    10 ||   170
  Dodge: Dodged            |    29 |    31 |   117 |   204 |     7 ||   388

Table legend: (Time is in decaauts)
 A = Elapsed time spent in this place.
 B = Non-inter-level travel time spent in this place.
 C = Inter-level travel time spent in this place.
 D = Time resting spent in this place.
 E = Time spent auto-exploring this place.
 F = Levels seen in this place.
 G = Mean time per level.
                   A        B        C        D        E       F      G
               +--------+--------+--------+--------+--------+-----+--------+
         Total |  16765 |  16250 |    515 |   3122 |   9256 |  16 | 1047.8 |
       Dungeon |  16225 |  15710 |    515 |   3069 |   9076 |  15 | 1081.7 |
        Bailey |    539 |    539 |      0 |     53 |    180 |   1 |  539.0 |
               +--------+--------+--------+--------+--------+-----+--------+

Top non-repeatable levels by time:
     D:7: 1779 daAuts
    D:12: 1695 daAuts
    D:11: 1665 daAuts
    D:10: 1556 daAuts
     D:9: 1270 daAuts
     D:4: 1164 daAuts
     D:2: 1096 daAuts
     D:6: 998 daAuts
    D:15: 997 daAuts
     D:5: 927 daAuts
     D:1: 875 daAuts
     D:8: 828 daAuts
    D:13: 811 daAuts
  Bailey: 539 daAuts
     D:3: 535 daAuts
